[Event "ICC tourney 2087 (3 2)"]
[Site "Internet Chess Club"]
[Date "2020.10.30"]
[Round "11"]
[White "IndianTerritory"]
[Black "helavir"]
[Result "0-1"]
[ICCResult "White checkmated"]
[WhiteElo "1762"]
[BlackElo "2255"]
[Opening "Caro-Kann: exchange variation"]
[ECO "B13"]
[NIC "CK.02"]
[Time "22:26:40"]
[TimeControl "180+2"]

1. e4 c6 2. d4 d5 3. exd5 cxd5 4. Bd3 Nc6 5. c3 Qc7 6. Nf3 Bg4 7. Na3 a6 8.
Nc2 e6 9. O-O Bd6 10. h3 Bh5 11. Bg5 h6 12. Bd2 Nge7 13. b3 O-O 14. c4 dxc4
15. bxc4 Rfd8 16. Bc3 Rac8 17. a4 Bf4 18. a5 Rd7 19. Qe2 Qd8 20. Be4 Bb8 21.
Rfb1 Qc7 22. g3 Qd8 23. Rb2 Kh8 24. Rab1 Nxa5 25. Bxa5 Qxa5 26. g4 Bg6 27.
Bxb7 Rcd8 28. Bxa6 Nc6 29. Bb5 Bxc2 30. Qxc2 Nxd4 31. Qe4 f5 32. gxf5 exf5
33. Qd3 Nxf3+ 34. Qxf3 Rd3 35. Qxf5 Qc7 36. Kf1 Qh2 37. Bc6 Rc3 38. Be4 Kg8
39. Qa5 Qxh3+ 40. Ke1 Re3+ 41. fxe3 Qxe3+ 42. Kf1 Rf8+ 43. Kg2 Qg3+ 44. Kh1
Qh3+ 45. Rh2 Qxh2# {White checkmated} 0-1

[Event "ICC tourney 2087 (3 2)"]
[Site "Internet Chess Club"]
[Date "2020.10.30"]
[Round "11"]
[White "spellking98"]
[Black "ramennoodle"]
[Result "1/2-1/2"]
[ICCResult "Game drawn by repetition"]
[WhiteElo "1751"]
[BlackElo "1360"]
[Opening "King's pawn opening"]
[ECO "B07"]
[NIC "VO.17"]
[Time "22:26:42"]
[TimeControl "180+2"]

1. e4 d6 2. Nc3 e5 3. g3 Nc6 4. Bg2 g6 5. Nge2 Bg7 6. O-O Nge7 7. f4 O-O 8.
d3 f5 9. a4 Be6 10. a5 Nd4 11. Nxd4 exd4 12. Ne2 Nc6 13. a6 Rb8 14. axb7
fxe4 15. dxe4 Rxb7 16. f5 Bf7 17. e5 d5 18. e6 Be8 19. Nf4 Ne7 20. fxg6 Bxg6
21. Nxg6 hxg6 22. Bg5 c6 23. Rxf8+ Qxf8 24. Qd3 Qf5 25. Qxf5 Nxf5 26. Re1
Bf8 27. g4 Be7 28. Bf4 Ng7 29. b3 Bf6 30. Bd6 Ne8 31. Bc5 d3 32. cxd3 Rxb3
33. d4 Rb7 34. Bf1 Be7 35. Ba6 Rc7 36. Rb1 Bxc5 37. dxc5 Kf8 38. Rb8 Ke7 39.
Bd3 Nf6 40. Bxg6 Kxe6 41. Bf5+ Ke5 42. h3 Kd4 43. Kf2 Kxc5 44. g5 Ne4+ 45.
Bxe4 dxe4 46. Ke3 Rg7 47. h4 Rh7 48. g6 Rxh4 49. g7 Rg4 50. g8=Q Rxg8 51.
Rxg8 a5 52. Rb8 a4 53. Kxe4 Kc4 54. Ke3 Kc3 55. Ke2 a3 56. Rc8 a2 57. Rxc6+
Kb2 58. Rb6+ Kc2 59. Rc6+ Kb2 60. Rb6+ Kc2 61. Ra6 Kb2 62. Rb6+ Kc2 63. Ra6
Kb2 64. Rb6+ Kc2 65. Rc6+ Kb2 {Game drawn by repetition} 1/2-1/2